AoeStats
← timmywang50301

Nomad

509377026Analyzed
2v2 RM · 5d ago on Sep 26, 2026· 63m 36s· 4 players
Game mode
Random Map
Map size
176×176
Population
200
Speed
Normal
Resources
Standard
Victory
Conquest
Starting age
Dark Age
Ending age
Imperial Age
RankedLock teamsTeams togetherTeam positionsShared explorationLock speedFull tech treeHidden civsTurbo modeCheats
Victory
Defeat
🇨🇳 Vietnamese · China
1077
+16
🇨🇳 Persians · China
1047
+16
🇹🇼 Inca · Taiwan
1067
-16
🇹🇼 Huns · Taiwan
1066
-16
2288741
10:04 Loom
13:37 Feudal Age
16:28 Fishing Lines
19:57 Gold Mining
19:57 Double-Bit Axe
20:50 Fletching
26:27 Castle Age
25:52 Horse Collar
29:46 Crossbowman
30:32 Thumb Ring
34:30 Medium Warships
34:43 Padded Archer Armor
35:25 Wheelbarrow
34:46 Town Watch
34:37 Elite Skirmisher
36:07 Leather Archer Armor
39:48 Bodkin Arrow
39:57 Stone Mining
43:53 Imperial Age
43:06 Bow Saw
43:28 Gillnets
47:10 Two-Man Saw
47:13 Conscription
46:57 Imperial Skirmisher
47:47 Heavy Plow
48:20 Kamandaran
49:29 Hand Cart
53:11 Ring Archer Armor
Noob_Forever
4:57 Loom
13:57 Feudal Age
15:40 Double-Bit Axe
15:49 Gold Mining
18:19 Castle Age
18:19 Wheelbarrow
18:44 Bloodlines
19:02 Scale Barding Armor
19:08 Forging
19:23 Husbandry
19:56 Horse Collar
20:45 Bow Saw
22:26 Heavy Plow
26:02 Stone Mining
29:40 Chain Barding Armor
30:37 Hand Cart
30:09 Town Watch
32:47 Stone Shaft Mining
34:03 Iron Casting
36:18 Ballistics
36:10 Masonry
35:56 Murder Holes
36:12 Padded Archer Armor
40:17 Imperial Age
38:20 Thumb Ring
39:08 Elite Skirmisher
41:36 Hoardings
41:26 Paper Money
40:34 Cavalier
43:29 Imperial Skirmisher
45:17 Plate Barding Armor
45:57 Herbal Medicine
48:48 Chemistry
49:21 Town Patrol
52:12 Elite Battle Elephant
53:21 Leather Archer Armor
52:56 Fletching
53:57 Chatras
55:42 Siege Engineers
55:19 Treadmill Crane
55:27 Arrowslits
timmywang50301
12:56 Loom
15:57 Feudal Age
16:41 Double-Bit Axe
18:45 Horse Collar
21:14 Castle Age
20:02 Scale Mail Armor
21:34 Stone Mining
22:55 Pikeman
29:59 Squires
31:09 Bow Saw
31:20 Bow Saw
34:36 Forging
41:58 Imperial Age
43:05 Champi Runner
44:05 Chain Mail Armor
44:26 Iron Casting
50:31 Champi Warrior
55:52 Elite Champi Warrior
HBforever
13:14 Loom
14:59 Feudal Age
16:49 Double-Bit Axe
20:59 Castle Age
19:15 Scale Barding Armor
19:01 Fletching
19:22 Forging
19:13 Padded Archer Armor
19:20 Horse Collar
19:58 Gold Mining
20:21 Bloodlines
22:22 Chain Barding Armor
22:07 Husbandry
23:34 Bodkin Arrow
26:26 Wheelbarrow
27:17 Leather Archer Armor
29:18 Gold Shaft Mining
28:23 Light Cavalry
32:28 Bow Saw
33:03 Ballistics
39:26 Iron Casting
48:04 Imperial Age
48:24 Hussar
51:38 Bracer
53:56 Blast Furnace
55:38 Heavy Plow
63:04 Murder Holes
Connection lost

Rejoining the realm…

Still unreachable

The connection could not be restored.

Session expired

The server has moved on; the page needs a fresh start.